 Dungeon Crawl Stone Soup version 0.16-a0-3976-g683f154 (webtiles) character file.

58 timbw the Caller (level 3, 0/14 HPs)
             Began as a Felid Summoner on Feb 11, 2015.
             Succumbed to a scorpion's poison
             ... on level 4 of the Dungeon.
             The game lasted 00:04:19 (811 turns).

timbw the Caller (Felid Summoner)                    Turns: 811, Time: 00:04:19

Health: 0/14       AC:  1    Str:  4    XL:     3   Next: 76%
Magic:  9/9        EV: 18    Int: 17    God:
Gold:   63         SH:  0    Dex: 16    Spells: 3 memorised, 2 levels left
                                        Lives:  0   Deaths: 0

rFire  . . .     SeeInvis +     (weapon unavailable)
rCold  . . .     Clarity  .     (armour unavailable)
rNeg   . . .     SustAb   .     (shield unavailable)
rPois  .         Gourm    .     (helmet unavailable)
rElec  .         Spirit   .     (cloak unavailable)
rCorr  .         Warding  .     (gloves unavailable)
rMut   .         Stasis   .     (boots unavailable)
MR     .....                    (no amulet)
Stlth  +++.......               (no ring)
                                (no ring)

@: lethally poisoned (0 -> -9), quick, not resistant to hostile enchantments,
fairly stealthy
A: paw claws, no armour, no weapons or thrown items, fangs 3, see invisible,
carnivore 3, speed 1, shaggy fur 1, slow metabolism 1, sharp paws
a: no special abilities


You were on level 4 of the Dungeon.
You were very full.

You visited 1 branch of the dungeon, and saw 4 of its levels.

You collected 63 gold pieces.

Inventory:

Scrolls
 f - 2 scrolls of enchant armour {unknown}
 h - a scroll of magic mapping {unknown}
 j - a scroll of immolation {unknown}
 l - a scroll of enchant weapon {unknown}
Potions
 e - a potion of might {unknown}
 g - a potion of ambrosia {unknown}
 k - a potion of cancellation {unknown}
Books
 b - a book of Callings

   Spells                             Type                      Level
   a - Summon Small Mammal            Summoning                    1
   b - Call Imp                       Summoning                    2
   c - Call Canine Familiar           Summoning                    3
   d - Summon Guardian Golem          Hexes/Summoning              4
   e - Summon Lightning Spire         Summoning/Air                4
   f - Summon Ice Beast               Ice/Summoning                4
Comestibles
 a - a beef jerky
 c - a meat ration
 i - 2 chunks of flesh


   Skills:
 - Level 2.6 Dodging
 - Level 2.6 Stealth
 + Level 3.0 Spellcasting
 + Level 4.8 Summonings


You had 2 spell levels left.
You knew the following spells:

 Your Spells              Type           Power        Failure   Level  Hunger
a - Summon Small Mammal   Summ           ###.         2%          1    None
b - Call Imp              Summ           ###.....     3%          2    ##.....
c - Call Canine Familiar  Summ           ###.....     10%         3    ###....


Dungeon Overview and Level Annotations

Branches:
Dungeon (4/15)
 Temple: D:4-7

Altars:


Innate Abilities, Weirdness & Mutations

You cannot wear armour.
You are incapable of wielding weapons or throwing items.
You have razor-sharp teeth.
You have supernaturally acute eyesight.
You are carnivorous and can eat meat at any time.
You cover ground quickly.
You are covered in fur (AC +1).
You have a slow metabolism.
Your paws have sharp claws that are effective at stabbing.


Message History

Your crimson imp dies!
Your crimson imp hits the scorpion.
The scorpion stings your crimson imp.
Your crimson imp blinks!
Casting: Summon Small Mammal
Confirm with . or Enter, or press ? or * to list all spells.
You scratch the ooze.
The ooze is moderately wounded.
Your hound bites the ooze.
The ooze hits your hound.
Your hound bites the ooze.
You scratch the ooze.
You kill the ooze!
Your hound closely misses the scorpion.
The scorpion stings you!
Ouch! That really hurt!
* * * LOW HITPOINT WARNING * * *
You are lethally poisoned!
The scorpion poisons you!
* * * LOW HITPOINT WARNING * * *
You feel sick.
Your hound bites the scorpion.
Drink which item? (? for menu, Esc to quit)
It was a potion of magic.
Magic courses through your body.
You die...

##### ...... ..#..#### ..
.....).. .#..#......
..J..$......
######################### ##.#
#...............h#..##..# #..###
#..............@.s......# ##....
#..............#####..### #..#.
##.............# ##.## ##..§.
#..............####.s######.†#..
#......................Js...####
#..............)..###########
#..............####
#######........# #.........#


You could see a scorpion and a friendly hound.

Vanquished Creatures
  An adder skeleton (D:4)
  A giant gecko (D:1)
  An ooze (D:4)
  A hobgoblin (D:1)
  A bat (D:1)
  2 jackals
  A kobold (D:1)
  2 rats
10 creatures vanquished.

Vanquished Creatures (collateral kills)
  A hound (D:4)
  A centaur skeleton (D:4)
  An adder skeleton (D:4)
  An orc (D:4)
  5 hobgoblins
  A giant cockroach (D:4)
  A giant gecko (D:2)
  A giant newt (D:2)
  9 jackals
  A kobold (D:1)
  2 rats (D:2)
24 creatures vanquished.

Vanquished Creatures (others)
  2 crimson imps (D:4)
  2 bats
  A rat (D:4)
5 creatures vanquished.

Grand Total: 39 creatures vanquished

Notes
Turn   | Place    | Note
--------------------------------------------------------------
     0 | D:1      | timbw, the Felid Summoner, began the quest for the Orb.
     0 | D:1      | Reached XP level 1. HP: 7/7 MP: 4/4
   228 | D:1      | Reached XP level 2. HP: 11/11 MP: 3/6
   232 | D:1      | Learned a level 2 spell: Call Imp
   526 | D:3      | Noticed an orc warrior
   568 | D:2      | You fall through a shaft!
   689 | D:4      | Reached XP level 3. HP: 6/14 MP: 0/8
   694 | D:4      | Learned a level 3 spell: Call Canine Familiar
   759 | D:4      | Noticed a scorpion
   811 | D:4      | Succumbed to a scorpion's poison

Action                   || total
-------------------------++-------
Melee: Unarmed           ||    35
 Cast: Summon Small Mamm ||    14
       Call Imp          ||    21
       Call Canine Famil ||     2
  Use: Potion            ||     1
  Eat: Chunk             ||     8
